 Dungeon Crawl Stone Soup version 0.29-a0-284-gf9362112df (webtiles) character file.

Game seed: 12346632361841645550

1248 YayAnonymity the Firebug (level 8, 0/66 HPs)
             Began as a Hill Orc Fire Elementalist on Mar 23, 2022.
             Slain by a gnoll sergeant
             ... wielding a +1 trident of protection
              (12 damage)
             ... on level 5 of the Dungeon.
             The game lasted 00:11:01 (7678 turns).

YayAnonymity the Firebug (HOFE)                     Turns: 7678, Time: 00:11:02

Health: 0/66       AC: 10    Str: 11    XL:     8   Next: 50%
Magic:  10/13      EV:  8    Int: 17    God:
Gold:   149        SH:  0    Dex: 11    Spells: 11/14 levels left

rFire   . . .      SeeInvis .   a - +1 trident
rCold   . . .      Faith    .   (no shield)
rNeg    . . .      Spirit   .   e - +4 scale mail
rPois   +          Reflect  .   (no helmet)
rElec   .          Harm     .   (no cloak)
rCorr   .          Rampage  .   (no gloves)
Will    .....                   (no boots)
Stlth   ..........              (no amulet)
HPRegen 0.21/turn               q - ring of poison resistance
MPRegen 0.13/turn               (no ring)

@: no status effects
A: no striking features
a: no special abilities


You were on level 5 of the Dungeon.
You visited 1 branch of the dungeon, and saw 5 of its levels.

You collected 149 gold pieces.

Inventory:

Hand Weapons
 a - a +1 trident (weapon)
Missiles
 j - 2 throwing nets
 p - 4 poisoned darts
Armour
 e - a +4 scale mail (worn)
 f - a +0 scale mail of willpower
 l - a +0 ring mail
 n - a +1 leather armour
Jewellery
 q - a ring of poison resistance (left hand)
Wands
 k - a wand of charming (4)
Scrolls
 i - a scroll of fog
Potions
 c - 2 potions of lignification
 d - a potion of mutation
 g - a potion of resistance
 h - a potion of haste {unknown}
 s - a potion of brilliance {unknown}


   Skills:
 + Level 4.0 Fighting
 * Level 5.4 Polearms
 + Level 1.2 Armour
 - Level 1.5 Dodging
 - Level 1.5 Stealth
 + Level 3.9 Spellcasting
 - Level 3.0 Conjurations
 + Level 6.4 Fire Magic


You had 11 spell levels left.
You knew the following spells:

 Your Spells              Type           Power      Damage    Failure   Level
a - Foxfire               Conj/Fire      76%        2x1d7     14%         1
b - Scorch                Fire           50%        2d7       10%         2

Your spell library contained the following spells:

 Spells                   Type           Power      Damage    Failure   Level
 Conjure Flame            Conj/Fire      19%        6-21      38%         3
 Inner Flame              Hex/Fire       14%        N/A       58%         3
 Flame Wave               Conj/Fire      19%        2d6       80%         4


Dungeon Overview and Level Annotations

Branches:
Dungeon (5/15)
 Temple: D:4-7

Altars:

Shops:
D:4 [

Annotations:
D:5 Dowan


Message History

The foxfire hits Duvessa but does no damage.
Duvessa is almost dead.
Duvessa hits you with a +0 rapier.
* * * LOW HITPOINT WARNING * * *
Casting: Foxfire (safe; 14% risk of failure)
Confirm with . or Enter, or press ? or * to list all spells.
Flames lash Duvessa.
You kill Duvessa!
You hear a distant wail of despair.
Your life force feels restored.
Your Fighting skill increases to level 4!
Your Armour skill increases to level 1!
Your magical contamination has completely faded away.
Things that are here:
a +0 spear; a gnoll corpse A gnoll sergeant comes into view.
It is wielding a +1 trident of protection.
The gnoll sergeant shouts!
Magic courses through your body.
The gnoll sergeant hits you from afar with a +1 trident of protection.
* * * LOW HITPOINT WARNING * * *
Casting: Scorch (safe; 10% risk of failure)
Confirm with . or Enter, or press ? or * to list all spells.
Flames lash the gnoll sergeant but do no damage.
The gnoll sergeant completely misses you.
The gnoll sergeant hits you from afar with a +1 trident of protection.
* * * LOW HITPOINT WARNING * * *
Casting: Scorch (safe; 10% risk of failure)
Confirm with . or Enter, or press ? or * to list all spells.
You conjure some foxfire!
The gnoll sergeant hits you from afar with a +1 trident of protection.
* * * LOW HITPOINT WARNING * * *
The foxfire hits the gnoll sergeant but does no damage.
The foxfire hits the gnoll sergeant.
The gnoll sergeant is lightly wounded.
The gnoll sergeant closely misses you.
Casting: Foxfire (safe; 14% risk of failure)
Confirm with . or Enter, or press ? or * to list all spells.
You conjure some foxfire!
The gnoll sergeant hits you from afar with a +1 trident of protection!
You die...

**,,,,,,,#..##..##..........
*,,,,,*,,#..#....#....#.....
***,,**,*##..........##.....
*,.,,**#..................
**,..####..................
*,,...................#....
**,,...........)......##....
*,,,.....gv......)..........
***,......v@###..).)....)...
**##....ยง.# #...)...##....
###...##*#...#.........
*#...,,,#..####.......
#....,,....###.......#
##.....#...#..........
##..#*#..####..###... ###*
##.# #### ##.. ### #.#


You could see a gnoll sergeant (ally target).

Vanquished Creatures
  Grinder (D:4)
  Duvessa (D:5)
  An ice beast (D:4)
  2 ogres (D:4)
  A phantom (D:4)
  3 wights
  A jelly (D:5)
  An orc priest (D:4)
  3 hounds
  2 orc wizards
  Natasha (thrice) (D:4)
  4 gnolls (D:5)
  6 adders
  An ufetubus (D:5)
  2 worms
  5 dart slugs
  8 orcs
  7 ball pythons
  5 endoplasms
  4 giant cockroaches
  7 goblins
  6 hobgoblins
  4 jackals
  2 quokkas (D:2)
  4 bats (D:1)
  4 frilled lizards
  10 kobolds
  4 rats
102 creatures vanquished.

Vanquished Creatures (others)
  289 foxfires
  A plant (D:3)
290 creatures vanquished.

Grand Total: 392 creatures vanquished

Notes
Turn   | Place    | Note
-------+----------+-------------------------------------------
     0 | D:1      | YayAnonymity the Hill Orc Fire Elementalist began the quest
                  | for the Orb.
     0 | D:1      | Reached XP level 1. HP: 14/14 MP: 3/3
   194 | D:1      | Reached XP level 2. HP: 16/20 MP: 1/4
   288 | D:1      | Learned a level 2 spell: Scorch
   686 | D:1      | Reached XP level 3. HP: 26/26 MP: 4/6
  1593 | D:2      | Reached skill level 4 in Fire Magic
  1679 | D:2      | Reached XP level 4. HP: 33/33 MP: 4/7
  2307 | D:3      | Found a faded altar of an unknown god.
  3172 | D:3      | Reached XP level 5. HP: 37/38 MP: 5/8
  3319 | D:4      | Noticed Grinder
  3319 | D:4      | Noticed an ogre
  3503 | D:4      | Noticed a phantom
  3670 | D:4      | Killed a phantom
  3671 | D:4      | Reached skill level 5 in Fire Magic
  3691 | D:4      | Reached XP level 6. HP: 46/46 MP: 0/10
  3800 | D:4      | Reached skill level 1 in Polearms
  3959 | D:4      | Reached skill level 1 in Fighting
  4012 | D:4      | Killed Grinder
  4013 | D:4      | Reached XP level 7. HP: 26/55 MP: 0/11
  4892 | D:4      | Found Zuahiusoudi's Antique Armour Shop.
  4967 | D:4      | Noticed Natasha
  4974 | D:4      | Killed Natasha
  5039 | D:4      | Reached skill level 6 in Fire Magic
  5376 | D:4      | Noticed Natasha
  5391 | D:4      | Killed Natasha
  5392 | D:4      | Reached XP level 8. HP: 31/63 MP: 7/13
  5765 | D:4      | Noticed Natasha
  5772 | D:4      | Killed Natasha
  5888 | D:4      | Found Zuahiusoudi's Antique Armour Shop.
  6129 | D:5      | Entered Level 5 of the Dungeon
  6129 | D:5      | Noticed Duvessa
  6129 | D:5      | Noticed Dowan
  7021 | D:5      | HP: 2/60 [Duvessa/+0 rapier (5)]
  7491 | D:5      | Reached skill level 5 in Polearms
  7658 | D:5      | Killed Duvessa
  7659 | D:5      | Reached skill level 1 in Armour
  7678 | D:5      | Slain by a gnoll sergeant

Illustrated notes

Levels and vault maps discovered:
D:1:      dreamdust_arrival_beginning_and_end, layout_basic
D:2:      minmay_evil_eye, layout_basic
D:3:      layout_basic, shapermc_ecumenical_altar_gd, kennysheep_path_1
D:4:      layout_cave_pods, serial_shops, shop, uniq_natasha, uniq_grinder
D:5:      layout_cave_pools, uniq_duvessa

Skill      XL: |  1  2  3  4  5  6  7  8 |
---------------+-------------------------+-----
Spellcasting   | 2 3 |  3.9
Conjurations   | 2 3 |  3.0
Fire Magic     | 4 5 6 |  6.4
Polearms       | 3 4 5 |  5.4
Fighting       | 2 3 4 |  4.0
Armour         | 1 |  1.2
Dodging        | |  1.5
Stealth        | |  1.5

Action                   |  1- 3 |  4- 6 |  7- 9 || total
-------------------------+-------+-------+-------++-------
Melee: Short sword       |    25 |    10 |       ||    35
       Trident           |       |     7 |    10 ||    17
       Punch             |       |     1 |       ||     1
 Cast: Foxfire           |    49 |    65 |    64 ||   178
       Scorch            |       |     9 |    23 ||    32
  Use: Scroll            |       |       |    10 ||    10
       Potion            |       |       |     1 ||     1
 Stab: Sleeping          |     1 |       |       ||     1
Armor: Robe              |    16 |       |       ||    16
       Leather armour    |       |    15 |     6 ||    21
       Ring mail         |       |     1 |       ||     1
       Scale mail        |       |       |     5 ||     5
Dodge: Dodged            |    49 |    32 |    25 ||   106

Table legend: (Time is in decaauts)
 A = Elapsed time spent in this place.
 B = Non-inter-level travel time spent in this place.
 C = Inter-level travel time spent in this place.
 D = Time resting spent in this place.
 E = Time spent auto-exploring this place.
 F = Levels seen in this place.
 G = Mean time per level.
                   A        B        C        D        E       F      G
               +--------+--------+--------+--------+--------+-----+--------+
         Total |   7695 |   7013 |    682 |   1639 |   4225 |   5 | 1539.0 |
       Dungeon |   7695 |   7013 |    682 |   1639 |   4225 |   5 | 1539.0 |
               +--------+--------+--------+--------+--------+-----+--------+

Top non-repeatable levels by time:
     D:4: 3133 daAuts
     D:3: 1348 daAuts
     D:1: 1267 daAuts
     D:2: 1038 daAuts
     D:5: 907 daAuts
